 Dungeon Crawl Stone Soup version 0.30-a0-292-g0f741e3f8e (webtiles) character file.

Game seed: 7744198587999005198

1893 hikkokomori the Trooper (level 8, 0/74 HPs)
             Began as a Minotaur Berserker on Oct 18, 2022.
             Was an Elder of Trog.
             Succumbed to an orc warrior's poison
             ... on level 7 of the Dungeon.
             The game lasted 00:08:51 (4817 turns).

hikkokomori the Trooper (Minotaur Berserker)        Turns: 4817, Time: 00:08:52

Health: 0/74       AC:  7    Str: 30    XL:     8   Next: 93%
Magic:  7/7        EV: 13    Int:  4    God:    Trog [****..]
Gold:   270        SH:  0    Dex: 10    Spells: 7/7 levels left

rFire   . . .      SeeInvis .    y - +4 battleaxe
rCold   . . .      Faith    .    (shield currently unavailable)
rNeg    . . .      Spirit   .    q - +0 ring mail
rPois   +          Reflect  .    l - +1 hat of Afeovver {rPois}
rElec   .          Harm     .    (no cloak)
rCorr   .          Rampage  .    (no gloves)
Will    .....                    (no boots)
Stlth   ..........               (no amulet)
HPRegen 0.32/turn                C - +6 ring of strength
MPRegen 0.10/turn                B - ring of poison resistance

@: lethally poisoned (0 -> -9), on berserk cooldown, slowed, very slow
A: horns 2, retaliatory headbutt
a: Renounce Religion, Berserk, Trog's Hand, Brothers in Arms


You were on level 7 of the Dungeon.
You worshipped Trog.
Trog was greatly pleased with you.
You visited 1 branch of the dungeon, and saw 7 of its levels.

You collected 270 gold pieces.

Inventory:

Hand Weapons
 a - a +0 hand axe
 j - the +3 sling "Kation" {venom, rF++ rN+ Int-4 Dex+3}
   (You found it on level 2 of the Dungeon)

   Any ammunition fired from it poisons the flesh of those it strikes.
   Int:       It affects your intelligence (-4).
   Dex:       It affects your dexterity (+3).
   rF:        It greatly protects you from fire.
   rN:        It protects you from negative energy.
 v - the +7 spear "Fopamair" {freeze, rElec rF+ rN++}
   (You found it on level 5 of the Dungeon)

   It freezes those it strikes, dealing additional cold damage.
   It can also slow down cold-blooded creatures.
   rF:        It protects you from fire.
   rElec:     It insulates you from electricity.
   rN:        It greatly protects you from negative energy.
 y - a +4 battleaxe (weapon)
Missiles
 d - 5 poisoned darts
 x - 3 throwing nets
Armour
 b - a +0 animal skin
 l - the +1 hat of Afeovver (worn) {rPois}
   (You acquired it on level 3 of the Dungeon)

   rPois:     It protects you from poison.
 q - a +0 ring mail (worn)
Jewellery
 B - a ring of poison resistance (right hand)
 C - a +6 ring of strength (left hand)
Scrolls
 c - a scroll of teleportation
 e - a scroll of enchant armour {unknown}
 h - 3 scrolls of poison {unknown}
 m - 2 scrolls of amnesia {unknown}
 n - a scroll of magic mapping {unknown}
 o - 2 scrolls of fear {unknown}
 p - a scroll of noise {unknown}
 r - 2 scrolls of fog {unknown}
 t - a scroll of vulnerability {unknown}
 w - a scroll of identify
 A - a scroll of blinking {unknown}
Potions
 f - 3 potions of brilliance
 g - 3 potions of might
 i - a potion of resistance {unknown}
 k - 2 potions of berserk rage
 s - a potion of haste {unknown}
 u - 2 potions of curing {unknown}
 z - 2 potions of lignification {unknown}
 D - a potion of heal wounds {unknown}


   Skills:
 + Level 7.8 Fighting
 + Level 7.8 Axes
 + Level 7.3 Armour
 + Level 6.7 Dodging


You had 7 spell levels left.
You didn't know any spells.
Your spell library was empty.

Dungeon Overview and Level Annotations

Branches:
Dungeon (7/15)             Temple (0/1) D:4

Altars:
Uskayaw

Shops:
D:6 =


Innate Abilities, Weirdness & Mutations

You have a pair of horns on your head.
You reflexively headbutt those who attack you in melee.


Message History

You closely miss the orc warrior. Your headbutt misses the orc warrior.
The orc warrior is moderately wounded.
You barely miss the orc.
You feel extremely sick.
The orc warrior hits you with a +0 dire flail of venom!
* * * LOW HITPOINT WARNING * * *
The orc hits you with a +0 dagger.
* * * LOW HITPOINT WARNING * * *
You slash the orc warrior!
The orc warrior is severely wounded.
You slash the orc!
You kill the orc!
Trog accepts your kill.
* * * LOW HITPOINT WARNING * * *
You feel very sick.
The orc warrior hits you with a +0 dire flail of venom!
* * * LOW HITPOINT WARNING * * *
You slash the orc warrior!
You kill the orc warrior!
Trog accepts your kill.
* * * LOW HITPOINT WARNING * * *
You feel very sick.
Unknown command.
You are too berserk!
Okay, then.
* * * LOW HITPOINT WARNING * * *
You feel sick.
Unknown command.
You feel a strong urge to attack something.
* * * LOW HITPOINT WARNING * * *
You feel sick.
Unknown command.
You are too berserk!
* * * LOW HITPOINT WARNING * * *
You feel sick.
Unknown command.
You feel your anger nearly subside.
You are no longer berserk.
You are exhausted.
You feel yourself slow down.
You die...

.# #......# .#
## #......## .#
# #.......##
#.#### #
#######..##.....
##..#..# ##...[#
# ##...#
#...###.)..#
#.....)@#..#
#.....).#..#
###....###...
##.#. ..># ...#(
#### ### #. #.
#.


There were no monsters in sight!

Vanquished Creatures
  An orc warrior (D:7)
  An ice beast (D:5)
  An ogre (D:6)
  A centaur (D:7)
  2 phantoms (D:6)
  A necrophage (D:6)
  5 scorpions
  7 wights
  2 jellies
  2 orc priests
  3 hounds
  2 iguanas
  6 orc wizards
  5 gnolls
  9 adders
  An ufetubus (D:7)
  A worm (D:2)
  3 dart slugs
  25 orcs
  5 ball pythons
  8 bats
  5 endoplasms
  3 giant cockroaches
  7 hobgoblins
  6 jackals (D:2)
  4 quokkas
  6 frilled lizards
  8 goblins
  6 kobolds
  8 rats
144 creatures vanquished.

Notes
Turn   | Place    | Note
-------+----------+-------------------------------------------
     0 | D:1      | hikkokomori the Minotaur Berserker began the quest for the
                  | Orb.
     0 | D:1      | Reached XP level 1. HP: 19/19 MP: 0/0
    48 | D:1      | Reached XP level 2. HP: 27/27 MP: 1/1
   211 | D:1      | Reached ** piety under Trog
   212 | D:1      | Reached XP level 3. HP: 24/33 MP: 2/2
   540 | D:2      | Identified the +3 sling "Kation" {venom, rF++ rN+ Int-4
                  | Dex+3}
   571 | D:2      | Lost intelligence.
   684 | D:2      | Reached XP level 4. HP: 39/40 MP: 3/3
   796 | D:2      | Reached *** piety under Trog
  1246 | D:3      | Noticed a scorpion
  1250 | D:3      | Killed a scorpion
  1251 | D:3      | Reached XP level 5. HP: 47/47 MP: 4/4
  1357 | D:3      | Identified a scroll of acquirement
  1865 | D:4      | Found a staircase to the Ecumenical Temple.
  1869 | D:4      | Reached skill level 5 in Fighting
  1869 | D:4      | Reached skill level 5 in Axes
  1881 | D:4      | Reached XP level 6. HP: 52/56 MP: 5/5
  2298 | D:4      | You fall into a shaft and drop 1 floor!
  2298 | D:5      | Entered Level 5 of the Dungeon
  2456 | D:5      | Reached skill level 5 in Armour
  2456 | D:5      | Reached XP level 7. HP: 62/62 MP: 6/6
  2473 | D:5      | Identified the +7 spear "Fopamair" {freeze, rElec rF+ rN++}
  2615 | D:5      | Reached **** piety under Trog
  2712 | D:5      | Identified the +7 dagger "Oneixia" {venom, rF+ rN+ Str-5}
  2734 | D:5      | Reached skill level 5 in Dodging
  3049 | D:6      | Reached XP level 8. HP: 24/71 MP: 7/7
  3465 | D:6      | Acquired the +1 hat of Afeovver {rPois}
  3616 | D:6      | Found Kanehopp's Jewellery Boutique.
  4354 | D:6      | Noticed a +0 hand axe
  4354 | D:6      | Noticed a +0 hand axe
  4358 | D:6      | Found a hide-covered altar of Uskayaw.
  4814 | D:7      | HP: 4/111 [poisoned by an orc warrior]
  4816 | D:7      | HP: 1/111 [poisoned by an orc warrior]
  4817 | D:7      | Succumbed to an orc warrior's poison

Illustrated notes

Levels and vault maps discovered:
D:1:      nicolae_arrival_washed_ashore, layout_rooms
D:2:      layout_loops_ring, minmay_cupped
D:3:      layout_rooms
D:4:      layout_basic, temple_fountains, minmay_misc_feat_roman,
          grunt_tough_drop
D:5:      layout_loops_ring
D:6:      nicolae_cairo_tiling_very_big, layout_layer_cave,
          dancing_weapons_uskayaw, serial_shops, nicolae_shop_advertising_works
          [nicolae_subvault_shop_adworks], dk_noncrumbling_3
D:7:      layout_basic, uniq_duvessa

Skill      XL: |  1  2  3  4  5  6  7  8 |
---------------+-------------------------+-----
Fighting       | 4 5 6 7 |  7.8
Axes           | 4 5 6 7 |  7.8
Armour         | 3 4 5 6 7 |  7.3
Dodging        | 3 4 5 6 |  6.7

Action                   |  1- 3 |  4- 6 |  7- 9 || total
-------------------------+-------+-------+-------++-------
Melee: Hand axe          |    58 |    96 |       ||   154
       Headbutt          |     9 |    16 |    10 ||    35
       Punch             |     1 |     1 |       ||     2
       Spear             |       |       |    63 ||    63
       Battleaxe         |       |       |    57 ||    57
 Fire: Sling             |    22 |    30 |       ||    52
Invok: Berserk           |       |     2 |     2 ||     4
  Use: Scroll            |       |     4 |     1 ||     5
Armor: Animal skin       |    16 |    13 |       ||    29
       Ring mail         |       |    23 |    24 ||    47
Dodge: Dodged            |    58 |    83 |    53 ||   194

Table legend: (Time is in decaauts)
 A = Elapsed time spent in this place.
 B = Non-inter-level travel time spent in this place.
 C = Inter-level travel time spent in this place.
 D = Time resting spent in this place.
 E = Time spent auto-exploring this place.
 F = Levels seen in this place.
 G = Mean time per level.
                   A        B        C        D        E       F      G
               +--------+--------+--------+--------+--------+-----+--------+
         Total |   5232 |   5090 |    142 |    318 |   3900 |   7 |  747.4 |
       Dungeon |   5232 |   5090 |    142 |    318 |   3900 |   7 |  747.4 |
               +--------+--------+--------+--------+--------+-----+--------+

Top non-repeatable levels by time:
     D:6: 1495 daAuts
     D:2: 1190 daAuts
     D:5: 743 daAuts
     D:3: 570 daAuts
     D:1: 495 daAuts
     D:4: 437 daAuts
     D:7: 299 daAuts
